 Dungeon Crawl Stone Soup version 0.28.0-47-ge53b351184 (webtiles) character file.

Game seed: 11148799522482555111

22 Gabide the Grave Robber (level 2, -1/21 HPs)
             Began as a Mummy Necromancer on May 6, 2022.
             Killed by divine providence
             ... invoked by an orc priest
              (16 damage)
             ... on level 2 of the Dungeon.
             The game lasted 00:01:34 (1338 turns).

Gabide the Grave Robber (Mummy Necromancer)         Turns: 1338, Time: 00:01:35

Health: -1/21      AC:  2    Str: 11    XL:     2   Next: 68%
Magic:  1/6        EV: 12    Int: 14    God:
Gold:   34         SH:  0    Dex: 12    Spells: 6/7 levels left

rFire   x . .      SeeInvis .   (no weapon)
rCold   + . .      Faith    .   (no shield)
rNeg    + + +      Spirit   .   a - +0 robe
rPois   ∞          Reflect  .   (no helmet)
rElec   .          Harm     .   (no cloak)
rCorr   .          Rampage  .   (no gloves)
Will    .....                   (no boots)
Stlth   ++........              (no amulet)
HPRegen 0.07/turn               (no ring)
MPRegen 0.10/turn               (no ring)

@: no status effects
A: cold resistance 1, negative energy resistance 3, torment resistance 2, heat
vulnerability 1, no potions
a: no special abilities


You were on level 2 of the Dungeon.
You visited 1 branch of the dungeon, and saw 2 of its levels.

You collected 34 gold pieces.

Inventory:

Missiles
 c - 3 javelins
Armour
 a - a +0 robe (worn)
Scrolls
 b - 2 scrolls of noise {unknown}


   Skills:
 * Level 1.0 Fighting
 * Level 1.9 Dodging
 - Level 1.5 Stealth
 + Level 0.0 Unarmed Combat
 * Level 3.1 Spellcasting
 * Level 4.1 Necromancy


You had 6 spell levels left.
You knew the following spells:

 Your Spells              Type           Power      Damage    Failure   Level
a - Pain                  Necr           52%        1d6       3%          1

Your spell library contained the following spells:

 Spells                   Type           Power      Damage    Failure   Level
 Animate Skeleton         Necr           26%        N/A       3%          1
 Vampiric Draining        Necr           13%        2d6       12%         3
 Animate Dead             Necr           6%         N/A       36%         4
 Summon Guardian Golem    Hex/Summ       2%         N/A       54%         3
 Agony                    Necr           13%        N/A       71%         5
 Orb of Destruction       Conj           1%         9d5       100%        7
 Spellforged Servitor     Conj/Summ      1%         N/A       100%        7


Dungeon Overview and Level Annotations

Branches:
Dungeon (2/15)

Altars:


Innate Abilities, Weirdness & Mutations

You are immune to poison.
Your flesh is cold resistant. (rC+)
You are immune to negative energy. (rN+++)
You are immune to unholy pain and torment.
You are vulnerable to heat. (rF-)
You do not drink.


Message History

The endoplasm writhes in agony.
The endoplasm writhes in agony.
You kill the endoplasm!
Found a leather armour.
You see here a fuming pink potion.
As you open the door, it creaks loudly!
There is an open door here.
You open the door.
There is an open door here.
You open the door.
Found a stone staircase leading down.
There is an open door here.
There is a stone staircase leading down here.
There is a stone staircase leading down here.
Done exploring.
Done exploring.
There is a stone staircase leading down here.
You can't go up here!
You climb downwards.
The adder hisses angrily.
The orc priest shouts!
The kobold shouts!
The orc shouts!
You hear a shout!
The goblin shouts!
You hear a shout!
The adder hisses angrily.
Found a viscous inky potion and 13 stones.
There is a stone staircase leading up here.
The goblin writhes in agony.
You kill the goblin!
An orc comes into view. It is wielding a +0 war axe.
The kobold throws a stone.
The stone hits you but does no damage.
The orc priest writhes in agony.
The kobold throws a stone.
The stone closely misses you.
The orc priest struggles to resist.
A goblin comes into view. It is wielding a +0 dagger.
The orc priest writhes in agony.
The orc priest casts a cantrip, but nothing happens.
The orc priest writhes in agony.
The adder bites you.
The kobold throws a stone.
The stone hits you.
The orc priest mumbles some strange prayers to Beogh against you.
Beogh smites you!
Ouch! That really hurt!
You die...

#.(......
###........
#..........
#....wo....
#.....o....
#...KSo....
#...o...g..
#..@S......
###........
#########


You could see an orc priest, 2 adders, a dart slug, 3 orcs, a goblin and a
kobold.

Vanquished Creatures
  3 endoplasms (D:1)
  2 goblins
  A hobgoblin (D:1)
  6 jackals (D:1)
  3 kobolds (D:1)
  2 bats (D:1)
  2 rats (D:1)
19 creatures vanquished.

Notes
Turn   | Place    | Note
-------+----------+-------------------------------------------
     0 | D:1      | Gabide the Mummy Necromancer began the quest for the Orb.
     0 | D:1      | Reached XP level 1. HP: 13/13 MP: 4/4
   388 | D:1      | Reached XP level 2. HP: 20/20 MP: 3/5
   768 | D:1      | Reached skill level 1 in Fighting
  1338 | D:2      | Killed from afar by an orc priest

Illustrated notes

Levels and vault maps discovered:
D:1:      ncdulo_smallfort, layout_basic
D:2:      layout_basic, serial_shops, shop

Skill      XL: |  1  2 |
---------------+-------+-----
Spellcasting   | 3 |  3.1
Fighting       | 1 |  1.0
Dodging        | |  1.9
Stealth        | |  1.5
Necromancy     | |  4.1

Action                   || total
-------------------------++-------
Melee: Unarmed           ||    37
 Cast: Pain              ||    47
Armor: Robe              ||    11
Dodge: Dodged            ||    37
